 Dungeon Crawl Stone Soup version 0.29-a0-1052-g6990b1bffc (webtiles) character file.

Game seed: 2201250280041078548

2802 SensoryNuts the Covered (level 9, -1/68 HPs)
             Began as a Demonspawn Fighter on Aug 17, 2022.
             Slain by an orc warrior
             ... wielding a +0 short sword
              (12 damage)
             ... on level 6 of the Dungeon.
             The game lasted 00:11:49 (8904 turns).

SensoryNuts the Covered (Demonspawn Fighter)        Turns: 8904, Time: 00:11:50

Health: -1/68      AC: 15    Str: 20    XL:     9   Next: 44%
Magic:  9/9        EV: 10    Int: 11    God:
Gold:   299        SH:  9    Dex: 14    Spells: 8/8 levels left

rFire   . . .      SeeInvis .   z - +1 demon blade (vamp)
rCold   . . .      Faith    .   c - +0 buckler
rNeg    . . .      Spirit   .   b - +0 scale mail
rPois   .          Reflect  .   (no helmet)
rElec   .          Harm     .   m - +1 cloak
rCorr   .          Rampage  .   (no gloves)
Will    .....                   v - +0 pair of boots
Stlth   +.........              k - amulet of the acrobat
HPRegen 0.21/turn               (no ring)
MPRegen 0.11/turn               (no ring)

@: no status effects
A: claws 1, thin skeletal structure 1, demonic guardian 1, icemail 1,
condensation shield
a: no special abilities


You were on level 6 of the Dungeon.
You visited 1 branch of the dungeon, and saw 7 of its levels.
You also visited: Sewer.

You collected 299 gold pieces.

Inventory:

Hand Weapons
 a - a +0 trident
 f - a +2 spear of venom
 w - the +2 hammer "Setuo" {freeze, rF+ Will+ rCorr Dex-5}
   (You found it on level 4 of the Dungeon)

   It freezes those it strikes, dealing additional cold damage.
   It can also slow down cold-blooded creatures.
   Dex:       It affects your dexterity (-5).
   rF:        It protects you from fire.
   rCorr:     It protects you from acid and corrosion.
   Will:      It increases your willpower.
 z - a +1 vampiric demon blade (weapon)
Armour
 b - a +0 scale mail (worn)
 c - a +0 buckler (worn)
 m - a +1 cloak (worn)
 v - a +0 pair of boots (worn)
Jewellery
 k - an amulet of the acrobat (around neck)
 x - an amulet of magic regeneration
Wands
 y - a wand of digging (6)
Scrolls
 g - a scroll of brand weapon
 h - 5 scrolls of magic mapping
 n - a scroll of torment
 o - a scroll of blinking
 p - a scroll of teleportation
 q - a scroll of identify
 r - a scroll of enchant armour
 t - 2 scrolls of amnesia
 A - a scroll of fog
 B - a scroll of vulnerability
Potions
 d - a potion of might
 e - 2 potions of resistance
 i - 6 potions of flight
 j - 6 potions of berserk rage
 s - 3 potions of haste


   Skills:
 + Level 5.0 Fighting
 + Level 3.7 Long Blades
 + Level 6.4 Polearms
 + Level 6.6 Armour
 + Level 3.1 Dodging
 + Level 1.3 Stealth
 + Level 5.5 Shields


You had 8 spell levels left.
You didn't know any spells.
Your spell library contained the following spells:

 Spells                   Type           Power      Damage    Failure   Level
 Apportation              Tloc           0%         N/A       75%         1
 Necrotise                Necr           0%         1d4       75%         1
 Summon Small Mammal      Summ           0%         N/A       75%         1
 Inner Flame              Hex/Fire       0%         N/A       98%         3
 Cause Fear               Hex            0%         N/A       100%        4
 Discord                  Hex            0%         N/A       100%        8


Dungeon Overview and Level Annotations

Branches:
Dungeon (7/15)              Sewer (visited)
 Temple: D:4-7

Altars:
Kikubaaqudgha
Sif Muna
Trog
Xom


Innate Abilities, Weirdness & Mutations

You have sharp fingernails.
You have a somewhat thin skeletal structure. (Dex +2, Stealth+)
A weak demonic guardian rushes to your aid.
A meltable icy envelope protects you from harm. (AC +4)
A meltable shield of frost defends you. (SH +4)


Message History

You barely miss the orc warrior.
The orc warrior is lightly wounded.
The orc warrior hits you with a +0 short sword.
The orc warrior hits you but does no damage.
You hit the orc warrior.
You feel better.
The orc warrior is moderately wounded.
The orc warrior hits you with a +0 short sword!
You slash the orc warrior!
The orc warrior is heavily wounded.
The orc warrior hits you with a +0 short sword.
You barely miss the orc warrior.
The orc warrior is heavily wounded.
The orc warrior hits you but does no damage.
You hit the orc warrior.
You feel better.
The orc warrior is heavily wounded.
You block the orc warrior's attack.
You barely miss the orc warrior.
The orc warrior is heavily wounded.
You block the orc warrior's attack.
You closely miss the orc warrior.
The orc warrior is heavily wounded.
The orc warrior hits you with a +0 short sword!
You closely miss the orc warrior.
The orc warrior is heavily wounded.
The orc warrior hits you but does no damage.
The orc warrior hits you with a +0 short sword!
* * * LOW HITPOINT WARNING * * *
A demonic guardian appears!
You closely miss the orc warrior.
The orc warrior is heavily wounded.
Your quasit bites the orc warrior but does no damage.
Your quasit claws the orc warrior but does no damage.
Your quasit claws the orc warrior.
The orc warrior misses your quasit.
You closely miss the orc warrior.
The orc warrior is severely wounded.
Your quasit bites the orc warrior.
Your quasit closely misses the orc warrior.
Your quasit claws the orc warrior but does no damage.
The orc warrior hits you with a +0 short sword!
You die...

#.#.# #.# #... #.#.#
#.# #... #.#.# #.# #...
#.#.# #.# #...
#.#.#######.# #...
#[#.........# #.<.
####[########### #.#+
#...[)........# #.#.
#.[(@o...####.## #.#.
###...5....# #...# #...
#..........# #...#####.
#.#........###.♣.......
#.#........#...♣.#####.
##.##.......#...♣.# #.
#...###'#'###...♣.# #.
#.§.# #.#.#
#.....#####. #...#
#.#.# #.....'...#.


You could see an orc warrior (ally target) and a friendly quasit (summoned).

Vanquished Creatures
  Grinder (D:6)
  Prince Ribbit (D:6)
  A wyvern (D:6)
  Menkaure (D:5)
  Duvessa (D:6)
  A sky beast (D:6)
  2 black bears
  An ice beast (D:6)
  A phantom (D:6)
  2 bullfrogs (D:7)
  A necrophage (D:6)
  2 scorpions (D:5)
  Dowan (D:6)
  10 wights
  2 jellies
  3 hounds
  Crazy Yiuf (D:4)
  An orc priest (D:3)
  2 iguanas
  Natasha (twice) (D:4)
  An orc wizard (D:3)
  A mummy (D:5)
  8 gnolls
  13 adders
  4 river rats
  A shadow imp (D:5)
  2 ufetubi (D:6)
  2 worms
  2 dart slugs
  7 orcs
  8 ball pythons
  10 bats
  8 endoplasms
  5 giant cockroaches
  5 hobgoblins
  3 jackals
  3 quokkas
  8 frilled lizards
  9 goblins
  17 kobolds
  10 rats
164 creatures vanquished.

Vanquished Creatures (collateral kills)
  A white imp (D:6)
1 creature vanquished.

Vanquished Creatures (others)
  A fungus (D:6)
  2 withered plants (D:7)
3 creatures vanquished.

Grand Total: 168 creatures vanquished

Notes
Turn   | Place    | Note
-------+----------+-------------------------------------------
     0 | D:1      | SensoryNuts the Demonspawn Fighter began the quest for the
                  | Orb.
     0 | D:1      | Reached XP level 1. HP: 18/18 MP: 1/1
   301 | D:1      | Gained mutation: A meltable shield of frost defends you.
                  | (SH +4) [demonic ancestry]
   301 | D:1      | Reached XP level 2. HP: 24/24 MP: 2/2
  1577 | D:2      | Gained mutation: A meltable icy envelope protects you from
                  | harm. (AC +4) [demonic ancestry]
  1577 | D:2      | Reached XP level 3. HP: 29/29 MP: 3/3
  1662 | D:2      | Found a faded altar of an unknown god.
  1680 | D:2      | Found a faded altar of an unknown god.
  1744 | D:2      | Found a shimmering altar of Xom.
  2119 | D:3      | Reached XP level 4. HP: 35/35 MP: 4/4
  2204 | D:3      | Gained mutation: You have sharp fingernails. [demonic
                  | ancestry]
  2204 | D:3      | Reached XP level 5. HP: 30/41 MP: 5/5
  2465 | D:3      | Found a glowing drain.
  2481 | Sewer    | Entered a sewer
  2805 | Sewer    | Reached XP level 6. HP: 35/47 MP: 6/6
  3004 | Sewer    | Reached skill level 1 in Dodging
  3599 | D:4      | Identified the +5 flail "Xuoful" {vorpal, rElec}
  3626 | D:4      | Found an ancient bone altar of Kikubaaqudgha.
  3791 | D:4      | Noticed Natasha
  3799 | D:4      | Killed Natasha
  3884 | D:4      | Found a runed translucent door.
  3885 | D:4      | Noticed Crazy Yiuf
  4304 | D:4      | Noticed Natasha
  4318 | D:4      | Killed Natasha
  4319 | D:4      | Gained mutation: You have a somewhat thin skeletal
                  | structure. (Dex +2, Stealth+) [demonic ancestry]
  4319 | D:4      | Reached XP level 7. HP: 42/53 MP: 7/7
  4411 | D:4      | Killed Crazy Yiuf
  4412 | D:4      | Reached skill level 5 in Armour
  4416 | D:4      | Identified the +2 hammer "Setuo" {freeze, rF+ Will+ rCorr
                  | Dex-5}
  4517 | D:5      | Entered Level 5 of the Dungeon
  4962 | D:5      | Noticed Menkaure
  4975 | D:5      | Killed Menkaure
  5133 | D:5      | Reached skill level 5 in Polearms
  5631 | D:6      | Gained mutation: A weak demonic guardian rushes to your
                  | aid. [demonic ancestry]
  5631 | D:6      | Reached XP level 8. HP: 57/60 MP: 8/8
  5698 | D:6      | Found a bloodstained altar of Trog.
  5722 | D:6      | Found a shimmering blue altar of Sif Muna.
  5842 | D:6      | Noticed Prince Ribbit
  5857 | D:6      | Killed Prince Ribbit
  5858 | D:6      | Reached skill level 1 in Stealth
  5979 | D:6      | Noticed Duvessa
  5979 | D:6      | Noticed Dowan
  6001 | D:6      | Killed Duvessa
  6011 | D:6      | Killed Dowan
  6135 | D:6      | Noticed Grinder
  6157 | D:6      | Killed Grinder
  7620 | D:6      | Identified a scroll of acquirement
  7623 | D:6      | Acquired a +1 vampiric demon blade
  7713 | D:7      | Reached skill level 1 in Long Blades
  7713 | D:7      | Reached skill level 5 in Shields
  7996 | D:6      | Reached XP level 9. HP: 40/66 MP: 9/9
  8168 | D:6      | Reached skill level 5 in Fighting
  8904 | D:6      | Slain by an orc warrior

Illustrated notes

Levels and vault maps discovered:
D:1:      nicolae_arrival_washed_ashore, layout_basic,
          chequers_serial_rivers_small_a
D:2:      layout_rooms, basic_altar,
          hellmonk_ecumenical_altar_the_god_not_taken, serial_bayou,
          serial_bayou_ford_a, serial_bayou_shore_b, serial_bayou_pond_b,
          serial_bayou_pond_e
D:3:      layout_rooms, portal_sewer_entry_e
D:4:      layout_cave_pods, kiku_gazebo_pond_becter,
          minmay_misc_feat_four_crosses, uniq_crazy_yiuf_cottage, uniq_natasha
D:5:      layout_basic, serial_corexii_hall, chequers_hall_statues_wall_a,
          corexii_hall_statues_x, corexii_hall_statues_x,
          chequers_hall_statues_wall_a, gup_ossuary_entry_pyramid,
          serial_bayou_lagoon_a, kennysheep_cross_bottleneck, uniq_menkaure
D:6:      layout_basic, trog_book, mainiacjoe_overflow_boulevard, uniq_duvessa,
          uniq_grinder, uniq_prince_ribbit1
D:7:      layout_basic, minmay_temple_entry_arrows, serial_undead,
          serial_undead_c, serial_undead_b, serial_undead_f, serial_undead_b,
          serial_undead_a, serial_undead_f

Skill      XL: |  1  2  3  4  5  6  7  8  9 |
---------------+----------------------------+-----
Polearms       | 2 3 5 6 |  6.4
Armour         | 3 4 5 6 |  6.6
Shields        | 3 4 5 |  5.5
Dodging        | 1 2 3 |  3.1
Fighting       | 4 5 |  5.0
Stealth        | 1 |  1.3
Long Blades    | 1 3 |  3.7

Action                   |  1- 3 |  4- 6 |  7- 9 || total
-------------------------+-------+-------+-------++-------
Melee: Trident           |    11 |       |       ||    11
       Spear             |    75 |   222 |   154 ||   451
       Demon blade       |       |       |   151 ||   151
  Use: Potion            |     4 |     1 |     3 ||     8
       Scroll            |     5 |     3 |     5 ||    13
 Stab: Sleeping          |       |       |     1 ||     1
Armor: Scale mail        |    17 |    59 |   163 ||   239
Dodge: Dodged            |    21 |    80 |   153 ||   254
Block: Buckler           |    13 |    82 |   162 ||   257

Table legend: (Time is in decaauts)
 A = Elapsed time spent in this place.
 B = Non-inter-level travel time spent in this place.
 C = Inter-level travel time spent in this place.
 D = Time resting spent in this place.
 E = Time spent auto-exploring this place.
 F = Levels seen in this place.
 G = Mean time per level.
                   A        B        C        D        E       F      G
               +--------+--------+--------+--------+--------+-----+--------+
         Total |   9112 |   8774 |    338 |   1671 |   5769 |   8 | 1139.0 |
       Dungeon |   8173 |   7835 |    338 |   1671 |   5004 |   7 | 1167.6 |
         Sewer |    938 |    938 |      0 |      0 |    765 |   1 |  938.0 |
               +--------+--------+--------+--------+--------+-----+--------+

Top non-repeatable levels by time:
     D:6: 3351 daAuts
     D:1: 1535 daAuts
     D:5: 1002 daAuts
     D:4: 946 daAuts
   Sewer: 938 daAuts
     D:3: 704 daAuts
     D:2: 572 daAuts
     D:7: 61 daAuts
